 Dungeon Crawl Stone Soup version 0.21.0-24-g2553a33 (webtiles) character file.

959 Monsterracer the Ducker (level 7, -3/37 HPs)
             Began as a Spriggan Berserker on Jan 19, 2018.
             Was a Priest of Trog.
             Killed by nerve-wracking pain
             ... invoked by a shadow imp
              (8 damage)
             ... on level 5 of the Dungeon.
             The game lasted 00:07:25 (4555 turns).

Monsterracer the Ducker (Spriggan Berserker)        Turns: 4555, Time: 00:07:26

Health: -3/37      AC:  2    Str: 13    XL:     7   Next: 91%
Magic:  8/8        EV: 23    Int:  9    God:    Trog [***...]
Gold:   250        SH:  0    Dex: 17    Spells: 6/6 levels left

rFire    . . .     SeeInvis +   b - +3 dagger (venom)
rCold    + . .     Gourm    .   (shield restricted)
rNeg     . . .     Faith    .   f - +0 animal skin
rPois    .         Spirit   .   (helmet restricted)
rElec    .         Reflect  .   (no cloak)
rCorr    .         Harm     .   (gloves unavailable)
MR       +....                  (boots unavailable)
Stlth    ++++......             (no amulet)
HPRegen  0.12/turn              t - ring of stealth
MPRegen  0.11/turn              v - ring of protection from cold {!d}

@: very quick
A: very small, unfitting armour, see invisible, herbivore, speed 3, slow
metabolism 2
a: Berserk, Trog's Hand, Burn Spellbooks, Renounce Religion


You were on level 5 of the Dungeon.
You worshipped Trog.
Trog was most pleased with you.
You were not hungry.

You visited 1 branch of the dungeon, and saw 5 of its levels.
You also visited: Ossuary.

You collected 250 gold pieces.

Inventory:

Hand Weapons
 a - a +0 short sword
 b - a +3 dagger of venom (weapon)
Missiles
 o - 2 throwing nets (quivered)
Armour
 f - a +0 animal skin (worn)
Jewellery
 t - a ring of stealth (left hand)
 v - a ring of protection from cold (right hand) {!d}
Scrolls
 k - 3 scrolls of teleportation
 n - 3 scrolls of enchant weapon
 p - 4 scrolls of amnesia
 q - a scroll of blinking
Potions
 d - a potion of might {unknown}
 e - 2 potions of heal wounds
 g - 2 potions of resistance {unknown}
 h - 4 potions of curing
 i - 2 potions of cancellation {unknown}
 j - 2 potions of haste {unknown}
 l - 2 potions of agility {unknown}
 m - 3 potions of mutation {!q}
 r - 2 potions of degeneration {unknown}
 s - a potion of lignification {unknown}
 u - a potion of brilliance {unknown}
Comestibles
 c - 3 rations


   Skills:
 + Level 4.1 Fighting
 * Level 7.1 Short Blades
 + Level 7.3 Dodging
 + Level 6.0 Stealth


You had 6 spell levels left.
You didn't know any spells.

Dungeon Overview and Level Annotations

Branches:
Dungeon (5/15)             Temple (0/1) D:4

Altars:
Ashenzari
Elyvilon


Innate Abilities, Weirdness & Mutations

You are very small and have problems with some larger weapons.
You are too small for most types of armour.
You have supernaturally acute eyesight. (SInv)
You are a herbivore.
You cover ground extremely quickly.
You need consume almost no food.


Message History

Found an escape hatch in the ceiling.
No target in view!
No target in view!
A hound skeleton comes into view.
A hound skeleton is nearby!
A hound skeleton is nearby!
A quokka and a jackal come into view.
Found 19 gold pieces.
Found a stone staircase leading up.
The helpless hound skeleton fails to defend itself.
You spit the hound skeleton like a pig!!!
You destroy the hound skeleton!
Trog accepts your kill.
Your Short Blades skill increases to level 7! 2 jackals and a skeleton come into view.
Found four items.
An ogre comes into view. It is wielding a giant club.
The helpless jackal fails to defend itself.
You spit the jackal like a pig!!!
You kill the jackal!
Trog accepts your kill.
Found 10 poisoned needles.
You see here a jackal corpse.
The helpless jackal fails to defend itself.
You skewer the jackal like a kebab!!!
You kill the jackal!
Trog accepts your kill.
The ogre shouts!
Found a stone staircase leading down.
The jackal skeleton completely misses you.
You barely miss the jackal skeleton. The jackal skeleton barely misses you.
You puncture the jackal skeleton!
You destroy the jackal skeleton!
Trog accepts your kill. The jackal misses you.
You hit the ogre.
The ogre is poisoned.
The ogre is lightly wounded.
The quokka completely misses you. The jackal misses you.
The ogre hits you with a giant club!
You take 8 damage, and have 29/37 hp.
MASSIVE DAMAGE!!
You see here a jackal corpse.
You hit the jackal.
The jackal is poisoned.
The jackal is moderately wounded.
The jackal misses you.
You hit the jackal.
You kill the jackal!
Trog accepts your kill.
You closely miss the quokka. You hit the quokka.
The quokka is severely wounded.
The quokka barely misses you.
You hit the quokka.
You kill the quokka!
Trog accepts your kill.
You completely miss the ogre.
The ogre is moderately wounded.
You hit the ogre but do no damage.
The ogre is heavily wounded.
The ogre misses you.
You closely miss the ogre.
The ogre is heavily wounded.
The ogre looks more healthy.
You hit the ogre.
The ogre is poisoned.
The ogre is severely wounded.
The ogre hits you with a giant club!!
Ouch! That really hurt!
* * * LOW HITPOINT WARNING * * *
You take 26 damage, and have 5/37 hp.
MASSIVE DAMAGE!!
You barely miss the ogre.
The ogre is severely wounded.
Found 15 stones.
A quokka comes into view.
A shadow imp comes into view.
The shadow imp shouts, "Disclaim thyself, thou dankish motley-minded feeblet!"
Found a leather armour.
The shadow imp completely misses you.
You puncture the shadow imp!
The shadow imp is severely wounded.
The shadow imp misses you.
You hit the shadow imp.
The shadow imp is almost dead.
The quokka barely misses you.
You hit the shadow imp but do no damage.
The shadow imp is poisoned.
The shadow imp is almost dead.
You kill the ogre!
Trog accepts your kill.
Your Stealth skill increases to level 6!
The shadow imp misses you. The quokka barely misses you.
You barely miss the shadow imp.
The shadow imp is almost dead.
You hit the shadow imp but do no damage.
The shadow imp is almost dead.
The quokka closely misses you. The shadow imp completely misses you.
You hit the quokka.
The quokka is poisoned.
The quokka is almost dead.
The quokka bites you.
* * * LOW HITPOINT WARNING * * *
The shadow imp gestures at you. Pain shoots through your body!
You die...

#####..#### #..###
......## ##...##
#.##### ##.....##
......## ##.......##
#†.....####...(.)...#
.O†.................#
.......####.........#
....................#
......####.....r@...#
....$...........5...#
......#####.........#
......# #.[.......#
####### #.........#
#.........#
##.......## ##.....##


You could see a shadow imp and a quokka.

Vanquished Creatures
  An ogre (D:5)
  9 scorpions (Ossuary)
  2 centaur zombies (Ossuary)
  A hound (D:4)
  A human zombie (Ossuary)
  2 orc wizards (D:3)
  A worker ant (D:4)
  2 hound skeletons
  3 mummies (Ossuary)
  4 scorpion zombies (Ossuary)
  5 adders
  2 oozes
  A dart slug (D:3)
  2 leopard geckos
  6 orcs
  5 bats
  3 giant cockroaches
  4 goblins
  6 hobgoblins
  3 jackals (D:5)
  5 kobolds
  2 quokkas
  5 frilled lizards
  2 gnoll zombies (Ossuary)
  A goblin zombie (Ossuary)
  2 hobgoblin zombies (Ossuary)
  2 jackal skeletons
  2 kobold zombies (Ossuary)
  2 orc zombies (Ossuary)
  8 rats
94 creatures vanquished.

Notes
Turn   | Place    | Note
-------+----------+-------------------------------------------
     0 | D:1      | Monsterracer the Spriggan Berserker began the quest for the Orb.
     0 | D:1      | Reached XP level 1. HP: 11/11 MP: 2/2
   208 | D:1      | Reached XP level 2. HP: 16/16 MP: 3/3
   645 | D:2      | HP: 8/16 [poisoned by an adder]
   651 | D:2      | HP: 8/16 [poisoned by an adder]
   654 | D:2      | Reached skill level 1 in Stealth
   873 | D:2      | Reached XP level 3. HP: 17/19 MP: 4/4
   946 | D:2      | Reached ** piety under Trog
   954 | D:2      | Reached skill level 5 in Dodging
  1410 | D:3      | Reached XP level 4. HP: 23/23 MP: 5/5
  1589 | D:3      | HP: 11/23 [orc wizard/puff of frost (6)]
  1594 | D:3      | HP: 14/34 [orc wizard/dagger (2)]
  1600 | D:3      | HP: 7/34 [orc wizard/dagger (4)]
  1604 | D:3      | Reached XP level 5. HP: 7/28 MP: 6/6
  1988 | D:3      | Found a white marble altar of Elyvilon.
  2232 | D:4      | Found a shattered altar of Ashenzari.
  2344 | D:4      | Found a staircase to the Ecumenical Temple.
  2515 | D:4      | Found a sand-covered staircase.
  2563 | Ossuary  | Entered an ossuary
  2590 | Ossuary  | HP: 14/28 [centaur zombie (3)]
  2592 | Ossuary  | Reached skill level 5 in Short Blades
  2883 | Ossuary  | Reached XP level 6. HP: 32/32 MP: 7/7
  2929 | Ossuary  | HP: 16/32 [centaur zombie (3)]
  3120 | Ossuary  | HP: 15/32 [scorpion zombie (4)]
  3130 | Ossuary  | HP: 13/32 [poisoned by a scorpion]
  3138 | Ossuary  | HP: 12/32 [poisoned by a scorpion]
  3368 | Ossuary  | Reached *** piety under Trog
  3561 | Ossuary  | Reached XP level 7. HP: 36/36 MP: 8/8
  3600 | Ossuary  | Reached skill level 5 in Stealth
  3620 | Ossuary  | HP: 16/37 [human zombie (4)]
  3815 | Ossuary  | HP: 18/37 [arrow trap (4)]
  3822 | Ossuary  | HP: 16/37 [poison (a needle trap)]
  3829 | Ossuary  | HP: 16/37 [poison (a needle trap)]
  3835 | Ossuary  | HP: 15/37 [poison (a needle trap)]
  4477 | D:5      | Entered Level 5 of the Dungeon
  4538 | D:5      | HP: 5/37 [ogre/giant club (26)]
  4555 | D:5      | HP: 5/37 [quokka (2)]
  4555 | D:5      | Killed from afar by a shadow imp

Skill      XL: |  1  2  3  4  5  6  7 |
---------------+----------------------+-----
Stealth        | 1 2 3 4 6 |  6.0
Short Blades   | 4 5 6 7 |  7.1
Dodging        | 5 6 7 |  7.3
Fighting       | 3 4 |  4.1

Action                   |  1- 3 |  4- 6 |  7- 9 || total
-------------------------+-------+-------+-------++-------
Melee: Short sword       |    15 |       |       ||    15
       Dagger            |    71 |   162 |   121 ||   354
Invok: Berserk           |       |     1 |       ||     1
  Use: Scroll            |       |    11 |     1 ||    12
 Stab: Sleeping          |     4 |     3 |     7 ||    14
  Eat: Ration            |       |     1 |     1 ||     2
Armor: Animal skin       |     6 |     6 |     3 ||    15
Dodge: Dodged            |    69 |    91 |    57 ||   217

Vault maps used:
D:1:      dpeg_arrival_short_road
D:2:      st_stairs_4
D:3:      elyvilon_altar_1
D:4:      temple_green, enter_ossuary_2, minmay_crystal_room,
          nicolae_ashenzari_panopticon
D:5:      first_ration
Ossuary:  ossuary_minmay_scorpions
